 Dungeon Crawl Stone Soup version 0.28.0 (webtiles) character file.

Game seed: 17705671813677159560

579 danielguo94 the Cudgeller (level 7, -3/43 HPs)
             Began as a Gargoyle Fighter on Feb 7, 2022.
             Was an Initiate of the Shining One.
             Slain by a wight (6 damage)
             ... on level 3 of the Dungeon.
             The game lasted 00:04:06 (3622 turns).

danielguo94 the Cudgeller (Gargoyle Fighter)        Turns: 3622, Time: 00:04:07

Health: -3/43      AC: 18    Str: 22    XL:     7   Next: 36%
Magic:  7/7        EV:  7    Int:  8    God:    the Shining One [......]
Gold:   76         SH:  4    Dex:  9    Spells: 6/6 levels left

rFire   . . .      SeeInvis .   a - +0 flail
rCold   . . .      Faith    .   c - +0 buckler
rNeg    + . .      Spirit   .   q - +0 chain mail
rPois   ∞          Reflect  .   v - +0 helmet
rElec   +          Harm     .   (no cloak)
rCorr   .          Rampage  .   r - +2 pair of gloves
Will    .....                   (no boots)
Stlth   ..........              (no amulet)
HPRegen 0.14/turn               (no ring)
MPRegen 0.10/turn               (no ring)

@: glowing
A: sickness immunity, AC +4, negative energy resistance 1, electricity
resistance, torment resistance 1, petrification resistance
a: Renounce Religion


You were on level 3 of the Dungeon.
You worshipped the Shining One.
The Shining One was noncommittal.
You visited 2 branches of the dungeon, and saw 5 of its levels.

You collected 76 gold pieces.

Inventory:

Hand Weapons
 a - a +0 flail (weapon)
Missiles
 g - 62 stones (quivered)
 h - 3 curare-tipped darts
 i - 2 javelins
 p - 3 poisoned darts
Armour
 c - a +0 buckler (worn)
 q - a +0 chain mail (worn)
 r - a +2 pair of gloves (worn)
 v - a +0 helmet (worn)
Jewellery
 n - a ring of positive energy
Scrolls
 b - a scroll of magic mapping {unknown}
 e - a scroll of fog {unknown}
 f - 2 scrolls of identify {unknown}
 j - a scroll of fear
 m - a scroll of teleportation {unknown}
 s - a scroll of silence {unknown}
 t - a scroll of acquirement {unknown}
 u - a scroll of blinking {unknown}
Potions
 d - 2 potions of might
 k - 2 potions of magic {unknown}
 l - a potion of curing {unknown}
 o - a potion of flight {unknown}
 w - 2 potions of lignification {unknown}


   Skills:
 + Level 4.2 Fighting
 * Level 6.2 Maces & Flails
 + Level 4.8 Armour
 + Level 0.7 Dodging
 + Level 4.0 Shields


You had 6 spell levels left.
You didn't know any spells.
Your spell library contained the following spells:

 Spells                   Type           Power      Damage    Failure   Level
 Beastly Appendage        Tmut           0%         N/A       99%         1
 Wereblood                Tmut           0%         N/A       100%        2
 Spider Form              Tmut/Pois      0%         N/A       100%        3


Dungeon Overview and Level Annotations

Branches:
Dungeon (4/15)             Temple (1/1) D:4

Altars:
Dithmenos
Fedhas
Gozag
Hepliaklqana
Kikubaaqudgha
Makhleb
Nemelex Xobeh
Wu Jian
Yredelemnul
The Shining One

Shops:
D:1 [

Annotations:
D:3 2 transporters, 1 runed translucent door, Crazy Yiuf; ragingrage's ghost, amateur MiBe


Innate Abilities, Weirdness & Mutations

You are immune to sickness and miasma.
Your stone body is resilient. (AC +4)
You are immune to poison.
You resist negative energy. (rN+)
You are resistant to electric shocks. (rElec)
You are resistant to unholy torment.
You are immune to petrification.


Message History

You are too injured to fight recklessly!
You are too injured to fight recklessly!
You are too injured to fight recklessly!
The goblin hits you but does no damage. The wight hits you with a +3 hand axe.
* * * LOW HITPOINT WARNING * * *
You sock the goblin!
You kill the goblin!
You hit the wight.
The wight is moderately damaged.
The wight hits you with a +3 hand axe.
* * * LOW HITPOINT WARNING * * *
You hit the wight but do no damage.
The wight is moderately damaged.
The wight completely misses you. The wight hits you but does no damage.
You closely miss the wight.
The wight is moderately damaged.
The wight barely misses you.
You closely miss the wight.
The wight is moderately damaged.
The wight hits you with a +3 hand axe.
* * * LOW HITPOINT WARNING * * *
You hit the wight but do no damage.
The wight is moderately damaged.
The wight hits you with a +3 hand axe.
* * * LOW HITPOINT WARNING * * *
You hit the wight.
The wight is heavily damaged.
The wight hits you with a +3 hand axe.
* * * LOW HITPOINT WARNING * * *
You barely miss the wight.
The wight is heavily damaged.
The wight hits you with a +3 hand axe.
* * * LOW HITPOINT WARNING * * *
You hit the wight.
The wight is severely damaged.
The wight barely misses you.
You barely miss the wight.
The wight is severely damaged.
The wight hits you with a +3 hand axe.
You die...

.####........##.#.##.#
.............##.#..#.#
.#####.......##.##.#.## ..#
#......>##.......# #.#
#.......##)..)...# #.#
#.......#.....##.#
#.####.......##...###.#
..........##.###.####.# ###♣♣♣♣♣
#.#..##).......z@.....###.#..♣.♣♣
#.#..##..###.###.#######...PP.♣..
#................# #.....P♣♣♣♣
###..<.......###.# ####...#.♣♣ ♣
.......#..#.####.# #.....##♣♣
###..............# #.#####
####.##.#.###### #.....# ###
#.#....# #.....### ### ..#
#......# #..<....####..


You could see a wight.

Vanquished Creatures
  A phantom (D:4)
  2 scorpions
  2 water moccasin skeletons (D:4)
  A wight (D:4)
  2 hounds
  An orc wizard (D:3)
  A hound skeleton (D:4)
  5 adders
  An adder skeleton (D:4)
  2 worms (D:2)
  2 dart slugs
  7 orcs
  6 bats
  7 endoplasms
  3 giant cockroaches
  6 goblins
  8 hobgoblins
  4 jackals
  3 quokkas
  10 ball pythons
  13 frilled lizards
  6 kobolds
  4 rats
97 creatures vanquished.

Vanquished Creatures (others)
  8 plants (D:2)
8 creatures vanquished.

Grand Total: 105 creatures vanquished

Notes
Turn   | Place    | Note
-------+----------+-------------------------------------------
     0 | D:1      | danielguo94 the Gargoyle Fighter began the quest for the
                  | Orb.
     0 | D:1      | Reached XP level 1. HP: 14/14 MP: 1/1
    41 | D:1      | Found a faded altar of an unknown god.
   139 | D:1      | Reached XP level 2. HP: 19/19 MP: 2/2
   314 | D:1      | Found Voelamet's Antique Armour Shoppe.
   569 | D:1      | Reached XP level 3. HP: 23/23 MP: 3/3
   949 | D:2      | Reached skill level 3 in Maces & Flails
  1216 | D:2      | Reached XP level 4. HP: 21/28 MP: 4/4
  1837 | D:3      | Found a shadowy altar of Dithmenos.
  1840 | D:3      | Found an ornate altar of the Wu Jian Council.
  2006 | D:3      | Found a transporter.
  2011 | D:3      | Noticed ragingrage's ghost (amateur MiBe)
  2182 | D:3      | Found a transporter.
  2252 | D:3      | Found a runed translucent door.
  2253 | D:3      | Noticed Crazy Yiuf
  2314 | D:4      | Noticed a scorpion
  2314 | D:4      | Found a staircase to the Ecumenical Temple.
  2322 | D:3      | Killed a scorpion
  2323 | D:3      | Reached skill level 4 in Maces & Flails
  2323 | D:3      | Reached XP level 5. HP: 30/33 MP: 5/5
  2374 | D:4      | Reached XP level 6. HP: 33/38 MP: 6/6
  2538 | D:4      | Reached skill level 5 in Maces & Flails
  3187 | Temple   | Entered the Ecumenical Temple
  3240 | Temple   | Became a worshipper of the Shining One
  3348 | D:4      | Reached XP level 7. HP: 33/43 MP: 7/7
  3392 | D:4      | Reached skill level 6 in Maces & Flails
  3622 | D:3      | Slain by a wight

Illustrated notes

Levels and vault maps discovered:
D:1:      amcnicky_arrival_flooded_fountain, layout_basic, serial_shops, shop,
          chequers_ecumenical_altar_island
D:2:      layout_basic, minmay_lizard_king
D:3:      layout_loops_cross, mainiacjoe_overflow_catch_the_wave,
          gammafunk_ghost_stat_death, uniq_crazy_yiuf_cottage
D:4:      layout_rooms, minmay_temple_entry_glass, minmay_fractal_squares_5
Temple:   regret_index_temple_sphere_string

Skill      XL: |  1  2  3  4  5  6  7 |
---------------+----------------------+-----
Maces & Flails | 3 4 5 6 |  6.2
Armour         | 4 |  4.8
Fighting       | 4 |  4.2
Shields        | 4 |  4.0
Dodging        | |  0.7

Action                   |  1- 3 |  4- 6 |  7- 9 || total
-------------------------+-------+-------+-------++-------
Melee: Flail             |   135 |   197 |    50 ||   382
  Use: Scroll            |       |     1 |       ||     1
Armor: Scale mail        |    56 |    33 |       ||    89
       Chain mail        |       |   140 |    25 ||   165
Dodge: Dodged            |    57 |    72 |    21 ||   150
Block: Buckler           |    27 |    49 |     6 ||    82
